Map: Triton LE

Players

Zeuhl

  • Race: Protoss Protoss
  • League: Master
  • Spawn Location: 5:00

Mez - Winner!

  • Race: Terran Terran
  • League: Master
  • Spawn Location: 11:00

VOD

Have the link to the VOD?

Description

Time

  • Played on: Sept. 6, 2019, 4:26 a.m.
  • Length: 16:10
Show
View Real Time Build Order
Export as new Build Order

Zeuhl Protoss 

Build Orders: 1 Gate Expand, Phoenix Opening 

Get SALT Encoding   

  12  0:01  Probe  
  13  0:13  Probe  
  14  0:18  Pylon  
  14  0:24  Probe  
  15  0:32  Probe  
  15  0:37  Gateway  
  15  0:40  Probe  
  16  0:46  Assimilator  
  17  0:51  Probe  
  18  1:03  Probe  
  19  1:15  Probe  
  20  1:26  Cybernetics Core  
  20  1:31  Probe  
  21  1:37  Nexus  
  21  1:42  Pylon  
  21  1:47  Assimilator  
  21  1:50  Probe  
  21  1:52  Adept  
  22  2:03  Warp Gate  
  24  2:11  Probe  
  24  2:13  Stalker  
  26  2:23  Probe  
  27  2:35  Probe  
  28  2:42  Stalker  
  30  2:47  Probe  
  30  2:49  Probe  
  32  2:57  Probe  
  32  2:59  Probe  
  32  3:05  Probe  
  34  3:09  Gateway, Probe  
  36  3:14  Gateway, Sentry  
  36  3:15  Probe  
  36  3:17  Probe  
  39  3:21  Pylon  
  40  3:27  Probe  
  41  3:40  Probe  
  42  3:44  Probe  
  43  3:48  Twilight Council  
  43  3:52  Probe, Phoenix, Robotics Facility  
  43  3:54  Probe  
  44  3:56  Sentry  
  44  4:00  Shield Battery  
  47  4:03  Probe  
  47  4:05  Probe  
  49  4:11  Pylon  
  49  4:14  Probe, Stalker x2  
  54  4:24  Pylon, Assimilator  
  54  4:26  Pylon, Assimilator  
  54  4:27  Charge  
  54  4:29  Probe  
  55  4:31  Forge, Probe  
  55  4:35  Stalker  
  58  4:41  Probe  
  58  4:43  Probe  
  60  4:46  Protoss Ground Armor Level 1  
  60  4:49  Observer  
  60  4:54  Probe  
  60  4:55  Probe  
  63  5:04  Pylon  
  63  5:06  Probe  
  64  5:08  Probe  
  64  5:09  Observer  
  64  5:11  Photon Cannon  
  66  5:17  Photon Cannon  
  66  5:18  Probe  
  66  5:20  Probe  
  68  5:30  Probe  
  68  5:33  Phoenix  
  68  5:34  Zealot x2  
  68  5:35  Zealot  
  75  5:36  Nexus  
  75  5:43  Gateway  
  75  5:44  Gateway  
  75  5:46  Gateway  
  75  5:51  Observer  
  75  5:52  Pylon  
  76  6:05  Immortal  
  76  6:06  Probe x2  
  76  6:10  Photon Cannon  
  78  6:11  Zealot  
  78  6:12  Zealot x2  
  78  6:16  Blink  
  88  6:23  Photon Cannon  
  88  6:24  Shield Battery  
  88  6:26  Pylon  
  88  6:38  Zealot x3  
  88  6:39  Immortal  
  94  6:41  Pylon  
  94  6:46  Probe x2  
  100  7:00  Zealot x4  
  108  7:05  Probe x3  
  111  7:09  Protoss Ground Weapons Level 1  
  111  7:14  Pylon  
  111  7:17  Zealot, Probe x2  
  111  7:18  Probe  
  111  7:22  Sentry x2, Assimilator  
  120  7:24  Assimilator  
  120  7:26  Pylon  
  120  7:31  Zealot x2  
  120  7:36  Templar Archives  
  124  7:44  Probe x3  
  127  7:56  Probe x3  
  130  8:01  Photon Cannon  
  130  8:04  Dark Shrine  
  130  8:05  Zealot x2  
  132  8:06  Psionic Storm, Forge, Zealot x3  
  140  8:13  Photon Cannon  
  140  8:14  Pylon  
  140  8:25  Gateway  
  140  8:26  Gateway  
  140  8:31  Pylon  
  140  8:36  Pylon  
  140  8:37  High Templar x4  
  146  8:53  Immortal, High Templar  
  146  8:55  Protoss Ground Armor Level 2  
  148  9:02  Gateway, Protoss Ground Weapons Level 2  
  148  9:06  Pylon  
  152  9:10  High Templar x2  
  152  9:14  Pylon  
  152  9:15  High Templar  
  152  9:16  High Templar  
  160  9:21  Zealot x2  
  164  9:36  Observer  
  165  9:40  Nexus  
  165  9:43  Pylon  
  165  9:44  Pylon  
  165  9:47  Stalker x4  
  165  9:48  Stalker  
  172  10:17  Warp Prism  
  172  10:20  Gateway  
  172  10:21  Gateway  
  174  10:23  Gateway  
  174  10:26  Gateway  
  174  10:28  Gateway, Stalker  
  174  10:29  Stalker x3  
  174  10:30  Stalker  
  174  10:32  Gateway  
  184  10:37  Photon Cannon  
  184  10:39  Photon Cannon  
  184  10:41  Photon Cannon  
  184  10:42  Shield Battery  
  184  10:45  Assimilator  
  184  10:50  Assimilator  
  184  11:01  Pylon  
  184  11:18  Protoss Shields Level 1  
  184  11:20  Protoss Ground Armor Level 3  
  184  11:21  Dark Templar x2  
  188  11:46  Dark Templar x4  
  196  11:57  Dark Templar x2  
  194  12:10  Stalker  
  95  12:31  Zealot x2  
  95  12:32  Zealot x4  
  95  12:33  Zealot  
  99  12:54  Immortal  
  99  12:58  Dark Templar  
  99  12:59  Dark Templar x3  
  99  13:00  High Templar x3  
  99  13:05  Zealot x3  
  119  13:06  Zealot x4  
  127  13:26  Protoss Shields Level 2  
  127  13:28  High Templar x2  
  127  13:29  Sentry x2  
  127  13:31  Observer  
  127  13:33  High Templar  
  127  13:34  High Templar  
  140  13:35  Zealot x3  
  140  13:36  Zealot x4  
  140  13:37  Zealot  
  156  13:52  Warp Prism  
  156  14:10  Stalker x3  
  156  14:11  Stalker  
  156  14:12  Stalker x5  
  156  14:13  Stalker x3  
  180  14:34  High Templar  
  180  14:35  High Templar x5  
  192  14:40  Archon x3  
  192  14:49  Stalker x2  
  194  15:13  Archon x2  
  162  15:19  Zealot  
  162  15:20  Zealot x3  
  150  15:23  High Templar x2  
  150  15:24  High Templar  
  66  15:42  Zealot  
  66  15:43  Zealot x4  
  66  15:45  Dark Templar  
  66  15:47  High Templar  
  74  15:55  High Templar x3  
  80  16:00  Archon x2  
Show
View Real Time Build Order
Export as new Build Order

Mez Terran - Winner!

Build Orders: Reaper Expand 

Get SALT Encoding   

  12  0:00  SCV  
  13  0:12  SCV  
  14  0:17  Supply Depot  
  14  0:25  SCV  
  15  0:39  SCV  
  15  0:41  Barracks  
  16  0:46  Refinery  
  16  0:51  SCV  
  17  1:03  SCV  
  18  1:15  SCV  
  19  1:30  Orbital Command, Reaper  
  20  1:41  Command Center  
  20  1:47  Bunker  
  20  1:56  SCV  
  20  1:58  Supply Depot  
  21  2:02  Marine  
  22  2:11  SCV  
  23  2:22  Barracks Reactor  
  23  2:33  Command Center  
  23  2:40  Factory  
  23  2:42  SCV  
  24  2:54  SCV  
  24  2:55  Orbital Command  
  24  2:58  Marine x2  
  25  3:03  Refinery  
  27  3:08  SCV  
  28  3:16  Marine x2  
  30  3:20  SCV  
  30  3:24  Widow Mine  
  33  3:30  SCV  
  34  3:37  Starport  
  34  3:39  SCV  
  34  3:42  SCV  
  34  3:46  Widow Mine  
  37  3:49  Orbital Command  
  37  3:53  Marine x2  
  39  4:01  SCV x2  
  41  4:08  Refinery  
  41  4:09  Factory Tech Lab  
  41  4:12  Marine x2  
  41  4:13  Barracks, SCV x2  
  41  4:14  Starport Tech Lab  
  41  4:16  SCV  
  46  4:24  Barracks  
  46  4:28  Siege Tank  
  46  4:29  SCV x2  
  51  4:35  SCV  
  52  4:40  Raven  
  52  4:41  SCV x2  
  56  4:47  SCV  
  57  4:53  SCV x2  
  57  4:57  Supply Depot  
  57  4:58  Supply Depot  
  57  4:59  SCV  
  60  5:05  SCV  
  61  5:10  Engineering Bay  
  61  5:11  Engineering Bay  
  61  5:15  Supply Depot  
  61  5:16  Supply Depot  
  61  5:17  Supply Depot, Stimpack  
  61  5:18  Refinery  
  61  5:19  Marauder, SCV  
  64  5:34  Starport Reactor  
  64  5:36  Marauder, Marine x2  
  64  5:39  Factory Reactor, SCV  
  64  5:40  Marine, SCV  
  71  5:46  Supply Depot x2  
  71  5:48  SCV  
  72  5:51  SCV  
  72  5:52  SCV  
  72  5:54  Terran Infantry Armor Level 1, Terran Infantry Weapons Level 1  
  73  6:07  Marauder x2, Combat Shield  
  73  6:11  Supply Depot  
  77  6:14  Supply Depot  
  77  6:17  Orbital Command  
  77  6:18  Medivac x2  
  77  6:21  Marine x2  
  77  6:25  SCV x2  
  85  6:33  Barracks  
  85  6:34  Barracks  
  85  6:37  SCV x2  
  87  6:49  SCV x3  
  87  6:53  Marauder x2, Medivac x2, Marine x2  
  100  7:01  SCV x2  
  100  7:06  Widow Mine x2  
  100  7:07  Armory  
  106  7:09  Supply Depot  
  106  7:10  SCV  
  106  7:11  Supply Depot  
  106  7:13  Concussive Shells, SCV  
  106  7:15  SCV  
  110  7:22  SCV  
  110  7:25  Medivac x2, Refinery, SCV  
  110  7:27  SCV  
  116  7:31  Widow Mine x2  
  116  7:35  SCV  
  121  7:37  SCV  
  121  7:39  SCV  
  121  7:42  Barracks Tech Lab, Marauder x2, Marine x2, Barracks Reactor  
  129  7:47  SCV  
  129  7:50  SCV  
  129  7:51  Supply Depot, SCV  
  132  7:53  Supply Depot  
  132  7:55  Refinery  
  132  7:59  SCV  
  132  8:02  Marine, SCV  
  132  8:03  Marauder, SCV, Marine  
  139  8:11  SCV  
  140  8:14  Marauder x2, SCV  
  140  8:15  Widow Mine x2  
  140  8:16  SCV  
  140  8:18  Terran Infantry Armor Level 2, Terran Infantry Weapons Level 2  
  150  8:23  Ghost Academy, SCV  
  150  8:24  Starport  
  150  8:26  SCV  
  152  8:27  Terran Ship Weapons Level 1  
  152  8:28  SCV  
  153  8:34  Supply Depot  
  153  8:35  SCV  
  153  8:36  Supply Depot  
  154  8:41  Liberator x2  
  154  8:44  Marauder x3, Marine x4  
  154  8:45  Command Center  
  164  9:02  Marine x3  
  172  9:03  Starport Tech Lab  
  172  9:08  Barracks  
  172  9:09  Barracks  
  172  9:11  Supply Depot, Barracks  
  172  9:14  Supply Depot  
  172  9:18  Missile Turret  
  172  9:19  SCV x3  
  172  9:20  Missile Turret  
  172  9:22  Missile Turret  
  172  9:23  Missile Turret  
  172  9:24  Liberator, Missile Turret  
  175  9:28  Missile Turret  
  175  9:29  Missile Turret  
  175  9:31  Marine x2, SCV, Missile Turret  
  182  9:32  Marine  
  182  9:33  Liberator  
  186  9:38  Widow Mine  
  186  9:39  Widow Mine  
  191  9:46  Fusion Core  
  194  9:59  Unknown x3  
  194  10:04  Liberator  
  192  10:07  Liberator  
  192  10:10  Sensor Tower  
  192  10:13  Command Center  
  188  10:15  Sensor Tower  
  188  10:17  Command Center  
  188  10:22  Sensor Tower  
  188  10:25  Barracks Tech Lab x2  
  194  10:38  Refinery  
  194  10:39  Refinery  
  194  10:45  Planetary Fortress  
  194  10:53  Barracks Tech Lab  
  197  11:05  Starport  
  197  11:12  Command Center  
  197  11:16  Liberator  
  197  11:23  Unknown  
  197  11:24  Unknown  
  197  11:26  Orbital Command  
  197  11:27  Command Center  
  197  11:30  Orbital Command  
  200  11:41  Enhanced Shockwaves  
  200  11:45  Starport  
  200  11:47  Starport  
  200  12:10  Liberator x4  
  160  12:28  Marauder, Marine x4  
  160  12:29  Marauder x2, Marine  
  148  12:52  Liberator  
  148  12:53  Liberator x2  
  148  12:54  Command Center  
  136  13:08  Marine x3  
  156  13:13  Starport Reactor  
  156  13:14  Starport Tech Lab x2  
  156  13:18  Liberator  
  156  13:19  Starport Tech Lab  
  153  13:20  Terran Infantry Weapons Level 3, Terran Ship Weapons Level 2, Terran Infantry Armor Level 3  
  153  13:26  Planetary Fortress  
  153  13:32  Missile Turret  
  153  13:33  Marine x3  
  153  13:34  Marauder x2, Marine  
  160  13:36  Unknown x4  
  160  13:39  Refinery  
  164  13:42  Command Center  
  164  13:44  Missile Turret  
  164  13:47  Sensor Tower  
  164  13:50  Refinery  
  162  14:08  Marine  
  162  14:09  Marauder x4, Marine x2  
  173  14:22  Sensor Tower  
  173  14:28  Liberator x2  
  173  14:29  Liberator  
  173  14:33  Personal Cloaking  
  173  14:38  Orbital Command  
  188  14:54  Planetary Fortress  
  188  15:04  Liberator, Refinery  
  188  15:05  Liberator  
  185  15:07  Refinery  
  185  15:12  Unknown x2  
  185  15:13  Unknown  
  182  15:20  Marauder x5, Marine x3  
  172  15:39  Marine  
  172  15:40  Marauder, Marine x3  
  172  15:41  Marauder x2, Marine  
  175  15:44  Marauder x2  
Tags
 
Add a new tag
Caveats
  • Supply blocks, unpowered buildings, or Contaminate may cause inaccurate times.
  • Supply counts are checked every 10 seconds.